 Dungeon Crawl Stone Soup version 0.28-a0-465-ge2dae52223 (webtiles) character file.

Game seed: 91616164506969835

142 SkeletonJelly the Firebug (level 5, -1/45 HPs)
             Began as a Draconian Cinder Acolyte on Sept 15, 2021.
             Was a High Priest of Ignis.
             Killed from afar by Ijyb (24 damage)
             ... with a bolt of acid
             ... on level 3 of the Dungeon.
             The game lasted 00:09:36 (3298 turns).

SkeletonJelly the Firebug (DrCA)                    Turns: 3298, Time: 00:09:37

Health: -1/45      AC:  5    Str: 16    XL:     5   Next: 3%
Magic:  0/6        EV: 15    Int: 15    God:    Ignis [*****.]
Gold:   105        SH:  0    Dex:  7    Spells: 4/6 levels left

rFire   + + .      SeeInvis .   a - +0 hand axe (flame)
rCold   . . .      Faith    .   (no shield)
rNeg    . . .      Spirit   .   (armour unavailable)
rPois   .          Reflect  .   (helmet restricted)
rElec   .          Harm     .   (no cloak)
rCorr   .          Rampage  .   (no gloves)
Will    .....                   (no boots)
Stlth   +.........              (no amulet)
HPRegen 0.15/turn               e - ring of protection from fire
MPRegen 0.10/turn               g - +4 ring of evasion

@: no status effects
A: AC +5, unfitting armour, cold-blooded
a: Renounce Religion, Sea of Fire, Foxfire Swarm, Rising Flame


You were on level 3 of the Dungeon.
You worshipped Ignis.
Ignis was extremely pleased with you.
You visited 1 branch of the dungeon, and saw 3 of its levels.

You collected 105 gold pieces.

Inventory:

Hand Weapons
 a - a +0 hand axe of flaming (weapon)
Armour
 j - a +1 buckler of protection
Jewellery
 e - a ring of protection from fire (left hand)
 g - a +4 ring of evasion (right hand)
Scrolls
 d - 3 scrolls of identify
Potions
 b - 3 potions of lignification {unknown}
 h - a potion of haste


   Skills:
 - Level 3.2 Fighting
 + Level 4.5 Axes
 - Level 1.0 Spellcasting
 + Level 4.5 Fire Magic


You had 4 spell levels left.
You knew the following spells:

 Your Spells              Type           Power      Damage    Failure   Level
a - Scorch                Fire           28%        2d6       5%          2

Your spell library contained the following spells:

 Spells                   Type           Power      Damage    Failure   Level
 Summon Small Mammal      Summ           0%         N/A       24%         1
 Call Canine Familiar     Summ           0%         N/A       58%         3
 Summon Guardian Golem    Hex/Summ       0%         N/A       58%         3


Dungeon Overview and Level Annotations

Branches:
Dungeon (3/15)

Altars:

Annotations:
D:3 Ijyb


Innate Abilities, Weirdness & Mutations

Your plain brown scales are hard. (AC +5)
You cannot fit into any form of body armour.
You are cold-blooded and may be slowed by cold attacks.


Message History

You see here 15 sling bullets.
You open the door.
There is an open door here.
There is an escape hatch in the ceiling here.
Found a stone staircase leading down.
You hear the brisk rusting of a drain nearby.
There is a stone staircase leading down here.
A dart slug comes into view.
The dart slug launches a dart at you. The slug dart misses you.
The dart slug launches a dart at you. The slug dart misses you.
An orc comes into view. It is wielding a +0 flail.
The orc shouts!
You slash the dart slug! You burn the dart slug.
You kill the dart slug!
A rat comes into view.
You see here a dart slug corpse.
The orc closely misses you.
You hit the orc. You burn the orc.
Your tail-slap misses the orc.
The orc is severely wounded.
The orc barely misses you.
You hit the orc. You burn the orc.
You kill the orc!
You barely miss the rat. The rat bites you but does no damage.
You have reached level 5!
Health restored: 45; MP restored: 6 You closely miss the rat.
The rat barely misses you.
You hit the rat. You burn the rat.
You kill the rat!
No target in view!
No target in view!
No target in view!
Found a stone staircase leading up.
You see here a +0 flail.
Found a black potion.
A hobgoblin comes into view.
The hobgoblin shouts!
You hit the hobgoblin. You burn the hobgoblin.
You kill the hobgoblin!
You see here a hobgoblin corpse.
No target in view!
Found a scroll labelled NULAER CYSUEB.
c - a scroll labelled NULAER CYSUEB
As you read the scroll labelled NULAER CYSUEB, it crumbles to dust.
You feel aware of your surroundings.
You sensed 4 altars, and 1 shop/portal.
It was a scroll of magic mapping.
You hear the brisk rusting of a drain nearby.
A ball python comes into view.
The ball python hisses angrily.
The ball python closely misses you. The ball python misses you.
You closely miss the ball python. You tail-slap the ball python.
You kill the ball python!
An endoplasm comes into view.
The endoplasm quivers.
Ijyb the Twisted Goblin comes into view.
She is wielding a +0 club and carrying a wand of acid (7).
Ijyb shouts!
Found 15 gold pieces.
Ijyb screams, "I dance on your bones!" The endoplasm freezes you.
You are frozen.
You take 5 damage, and have 40/45 hp.
The endoplasm hits you but does no damage.
Casting: Scorch (safe; 5% risk of failure)
Confirm with . or Enter, or press ? or * to list all spells.
Flames lash the endoplasm.
You kill the endoplasm!
Ijyb hits you with a +0 club.
You take 1 damage, and have 39/45 hp.
You now have 4/6 mp.
Casting: Scorch (safe; 5% risk of failure)
Confirm with . or Enter, or press ? or * to list all spells.
Flames lash Ijyb.
Ijyb is moderately wounded.
Ijyb's fire resistance burns away.
Ijyb hits you with a +0 club.
You take 3 damage, and have 36/45 hp.
You now have 2/6 mp.
Casting: Scorch (safe; 5% risk of failure)
Confirm with . or Enter, or press ? or * to list all spells.
Flames lash Ijyb but do no damage.
Ijyb zaps a wand.
The bolt of acid hits you!
You take 10 damage, and have 26/45 hp.
MASSIVE DAMAGE!!
You now have 0/6 mp.
Casting: Scorch (safe; 5% risk of failure)
Confirm with . or Enter, or press ? or * to list all spells.
You don't have enough magic to cast this spell.
You hit Ijyb. You burn Ijyb.
Ijyb is heavily wounded.
Ijyb hits you with a +0 club.
You take 2 damage, and have 24/45 hp.
You hit Ijyb but do no damage.
Ijyb is heavily wounded.
Ijyb barely misses you.
You hit Ijyb. You burn Ijyb.
Ijyb is heavily wounded.
Ijyb hits you with a +0 club.
You take 1 damage, and have 23/45 hp.
You hit Ijyb. You burn Ijyb.
Ijyb is severely wounded.
Ijyb is no longer more vulnerable to fire.
Ijyb screams, "I cut your head off!"
Ijyb zaps a wand.
The bolt of acid hits you!!
Ouch! That really hurt!
You die...

,*,,,,,* *,,,,,,* #.# #.#
,**,,,** *#.***** #.# #.# ,***,**
#.* ####.###.. ** *,* ##.#*
#.......## *,* ##...####
#.##.##.# **+** ##.......#
#.##.#*,# **,,,** #........#
#.##.#*,* **,,,,,***#....g..#
#.##.#*,* *,,,,,,,***#...#@#*
#.##..*.*
,,,,,,,,,*###....#######.##....**
,,,,,,,,,+......................,
,,,,,,,,,####....#######.......#*
*,,,,,,,** ##.#.#** ####..###
**,,,,,** ###..,** *.## **,,,**
***,..#,,* **,#** **+**
*,,,...,,* *,,,,* *,*
***,_...$,,* **,*,*


You could see Ijyb.

Vanquished Creatures
  Jessica (D:2)
  Robin (D:2)
  2 adders (D:2)
  A worm (D:2)
  A dart slug (D:3)
  6 orcs
  5 bats
  3 endoplasms
  2 giant cockroaches
  11 goblins
  10 hobgoblins
  5 jackals (D:2)
  3 kobolds (D:1)
  3 quokkas (D:1)
  3 ball pythons
  4 frilled lizards
  6 rats
67 creatures vanquished.

Notes
Turn   | Place    | Note
-------+----------+-------------------------------------------
     0 | D:1      | SkeletonJelly the Draconian Cinder Acolyte began the quest
                  | for the Orb.
     0 | D:1      | Reached XP level 1. HP: 19/19 MP: 2/2
   227 | D:1      | Reached XP level 2. HP: 26/26 MP: 3/3
   230 | D:1      | Learned a level 2 spell: Scorch
   843 | D:1      | Reached XP level 3. HP: 31/31 MP: 1/4
  1265 | D:2      | Noticed Jessica
  1418 | D:2      | Killed Jessica
  1597 | D:2      | Reached XP level 4. HP: 34/38 MP: 3/5
  1633 | D:2      | Found a faded altar of an unknown god.
  1955 | D:2      | Noticed Robin
  2058 | D:2      | Killed Robin
  3249 | D:3      | Reached XP level 5. HP: 45/45 MP: 6/6
  3289 | D:3      | Noticed Ijyb
  3298 | D:3      | Killed from afar by Ijyb

Illustrated notes

Levels and vault maps discovered:
D:1:      nicolae_arrival_washed_ashore, layout_basic,
          wander_ebering_terrifying_dragon_lair
D:2:      layout_basic, hellmonk_ecumenical_altar_leap_of_faith, fountainhead,
          uniq_robin, uniq_jessica
D:3:      layout_loops_corners, grunt_temple_overflow_open,
          lemuel_crystal_altar, gup_sewer_entry_bowl, grunt_decor_mini_mirrors,
          st_stairs_10, uniq_sigmund, uniq_ijyb

Skill      XL: |  1  2  3 |
---------------+----------+-----
Axes           | 4 |  4.5
Fire Magic     | 4 |  4.5
Fighting       | |  3.2
Spellcasting   | |  1.0

Action                   |  1- 3 |  4- 6 || total
-------------------------+-------+-------++-------
Melee: Hand axe          |    63 |    81 ||   144
       Tailslap          |     3 |     4 ||     7
 Cast: Scorch            |     9 |    18 ||    27
  Use: Scroll            |       |     5 ||     5
Armor: Skin              |    21 |    26 ||    47
Dodge: Dodged            |    65 |    60 ||   125

Table legend: (Time is in decaauts)
 A = Elapsed time spent in this place.
 B = Non-inter-level travel time spent in this place.
 C = Inter-level travel time spent in this place.
 D = Time resting spent in this place.
 E = Time spent auto-exploring this place.
 F = Levels seen in this place.
 G = Mean time per level.
                   A        B        C        D        E       F      G
               +--------+--------+--------+--------+--------+-----+--------+
         Total |   3314 |   3235 |     79 |      0 |   2402 |   3 | 1104.7 |
       Dungeon |   3314 |   3235 |     79 |      0 |   2402 |   3 | 1104.7 |
               +--------+--------+--------+--------+--------+-----+--------+

Top non-repeatable levels by time:
     D:1: 1567 daAuts
     D:2: 1322 daAuts
     D:3: 424 daAuts
